 Dungeon Crawl Stone Soup version 0.19-a0-1686-g35356ef (webtiles) character file.

112 JeffiDaFish the Firebug (level 4, -6/35 HPs)
             Began as a Draconian Fire Elementalist on Sept 25, 2016.
             Mangled by Warped's ghost (16 damage)
             ... on level 3 of the Dungeon.
             The game lasted 00:09:23 (1543 turns).

JeffiDaFish the Firebug (DrFE)                      Turns: 1543, Time: 00:09:23

Health: -6/35      AC:  6    Str: 11    XL:     4   Next: 63%
Magic:  1/7        EV: 12    Int: 16    God:
Gold:   103        SH:  0    Dex: 14    Spells: 2 memorised, 5 levels left

rFire  . . .     SeeInvis .     e - +0 spear
rCold  + . .     Gourm    .     (armour unavailable)
rNeg   . . .     Faith    .     (no shield)
rPois  .         Spirit   .     (helmet restricted)
rElec  .         Dismiss  .     (no cloak)
rCorr  .         Reflect  .     (no gloves)
MR     .....     Harm     .     (no boots)
Stlth  ++........               (no amulet)
                                j - ring of protection from cold
                                g - +3 ring of dexterity

@: no status effects
A: unfitting armour, cold-blooded, AC +5
a: no special abilities


You were on level 3 of the Dungeon.
You were not hungry.

You visited 1 branch of the dungeon, and saw 3 of its levels.

You collected 103 gold pieces.

Inventory:

Hand Weapons
 e - a +0 spear (weapon)
Missiles
 n - 5 tomahawks (quivered)
Jewellery
 g - a +3 ring of dexterity (left hand)
 j - a ring of protection from cold (right hand)
Scrolls
 d - a scroll of teleportation
 i - a scroll of magic mapping
 k - 2 scrolls of enchant armour
 o - 2 scrolls of identify
Books
 a - a book of Flames

   Spells                             Type                      Level
   a - Flame Tongue                   Conjuration/Fire             1
   b - Throw Flame                    Conjuration/Fire             2
   c - Conjure Flame                  Conjuration/Fire             3
   d - Inner Flame                    Hexes/Fire                   3
   e - Sticky Flame                   Conjuration/Fire             4
   f - Fireball                       Conjuration/Fire             5
Comestibles
 b - 2 bread rations
 c - 2 chunks of flesh
 f - 2 meat rations
 h - 4 fruits
 l - a beef jerky
 m - a slice of pizza


   Skills:
 + Level 1.0 Fighting
 + Level 1.0 Polearms
 + Level 2.2 Dodging
 + Level 2.4 Stealth
 - Level 0.6 Unarmed Combat
 * Level 2.5 Spellcasting
 + Level 1.3 Conjurations
 + Level 3.8 Fire Magic


You had 5 spell levels left.
You knew the following spells:

 Your Spells              Type           Power        Failure   Level  Hunger
a - Flame Tongue          Conj/Fire      ##...        10%         1    #......
b - Throw Flame           Conj/Fire      ##....       12%         2    ##.....


Dungeon Overview and Level Annotations

Branches:
Dungeon (3/15)

Altars:
Okawaru
Yredelemnul

Annotations:
D:3 Warped's ghost, amateur OgMo


Innate Abilities, Weirdness & Mutations

Your plain brown scales are hard. (AC +5)
You cannot fit into any form of body armour.
You are cold-blooded and may be slowed by cold attacks.


Message History

Warped's ghost is moderately damaged.
Warped's ghost hits you but does no damage.
Casting: Flame Tongue
Confirm with . or Enter, or press ? or * to list all spells.
Aiming: Flame Tongue
Press: ? - help, Shift-Dir - straight line, f/p - Warped's ghost
Aim: Warped's ghost (moderately damaged)
The flame tongue hits Warped's ghost.
Warped's ghost is moderately damaged.
Warped's ghost completely misses you.
You hit Warped's ghost.
Warped's ghost is moderately damaged.
Warped's ghost hits you.
You hit Warped's ghost but do no damage.
Warped's ghost is moderately damaged.
Warped's ghost hits you!
* * * LOW HITPOINT WARNING * * *
There is a stone staircase leading down here.
Warped's ghost hits you!
You die...

.# .# .# .# .# .## ..#
#######################
...............W@.....#
##.#########.########.#
.#.# ....".?.# .#.#
######### .#.# .#.#
..)#.# .....# .###.#


You could see Warped's ghost.

Vanquished Creatures
  Jessica (D:2)
  4 adders
  An ooze (D:1)
  A worm (D:3)
  3 leopard geckos
  3 giant cockroaches
  4 goblins
  6 hobgoblins
  2 ball pythons
  2 bats
  3 frilled lizards
  6 kobolds
  A quokka skeleton (D:3)
  3 rats
40 creatures vanquished.

Notes
Turn   | Place    | Note
-------+----------+-------------------------------------------
     0 | D:1      | JeffiDaFish the Draconian Fire Elementalist began the quest for the Orb.
     0 | D:1      | Reached XP level 1. HP: 14/14 MP: 3/3
   188 | D:1      | Reached XP level 2. HP: 17/20 MP: 3/5
   192 | D:1      | Learned a level 2 spell: Throw Flame
   609 | D:2      | Noticed Jessica
   619 | D:2      | Killed Jessica
   619 | D:2      | Reached XP level 3. HP: 26/26 MP: 2/6
   763 | D:2      | Found an iron altar of Okawaru.
   796 | D:2      | Reached XP level 4. HP: 34/34 MP: 3/7
   974 | D:2      | Found a basalt altar of Yredelemnul.
  1142 | D:2      | Reached skill level 1 in Polearms
  1488 | D:3      | Reached skill level 1 in Fighting
  1530 | D:3      | Noticed Warped's ghost (amateur OgMo)
  1543 | D:3      | Mangled by Warped's ghost

Vault maps used:
D:1:      minmay_arrival_three_doors
D:2:      old_standard_altar, okawaru_trees_2, uniq_jessica
D:3:      gammafunk_temple_overflow_elements, trog_butcher_becter

Skill      XL: |  1  2  3  4 |
---------------+-------------+-----
Dodging        | 2 |  2.2
Stealth        | 2 |  2.4
Polearms       | 1 |  1.0
Fighting       | 1 |  1.0
Unarmed Combat | |  0.6
Spellcasting   | |  2.5
Conjurations   | |  1.3
Fire Magic     | |  3.8

Action                   |  1- 3 |  4- 6 || total
-------------------------+-------+-------++-------
Melee: Unarmed           |    17 |       ||    17
       Spear             |    35 |    61 ||    96
       Tailslap          |     2 |     4 ||     6
 Cast: Flame Tongue      |     9 |     9 ||    18
       Throw Flame       |     5 |     6 ||    11
  Use: Scroll            |     2 |     4 ||     6
       Potion            |       |     1 ||     1
 Stab: Sleeping          |     3 |     3 ||     6
       Distracted        |       |     2 ||     2
  Eat: Chunk             |       |     3 ||     3
Armor: Skin              |    16 |    14 ||    30
Dodge: Dodged            |    29 |    27 ||    56
